 Dungeon Crawl Stone Soup version 0.20.0-15-g7f486f2 (webtiles) character file.

416460 Gorglomux the Eclecticist (level 22, 0/133 HPs)
             Began as a Deep Elf Fire Elementalist on June 10, 2017.
             Was the Champion of Vehumet.
             Killed from afar by a fire dragon (54 damage)
             ... with a blast of flame
             ... on level 1 of the Depths.
             The game lasted 01:58:46 (53969 turns).

Gorglomux the Eclecticist (DEFE)                   Turns: 53969, Time: 01:58:46

Health: 0/133      AC: 20    Str:  5    XL:     22   Next: 25%
Magic:  3/48       EV: 21    Int: 33    God:    Vehumet [******]
Gold:   1385       SH: 22    Dex: 16    Spells: 5/61 levels left

rFire    . . .     SeeInvis +   b - staff of conjuration
rCold    + . .     Gourm    +   v - +8 large shield of Kleptomania {+Inv +Fly rPois Stlth-}
rNeg     . . .     Faith    .   A - +2 robe of Vines {NoPotionHeal Regen+7}
rPois    +         Spirit   .   w - +1 hat {SInv}
rElec    +         Reflect  .   K - +2 cloak {MR+}
rCorr    +         Harm     .   h - +2 pair of gloves of the Worm {+Inv rElec rC+ rCorr}
MR       +++++                  l - +2 pair of boots of the Assassin {Detection Stab+ Stlth++}
Stlth    ++++++++..             S - amulet of the gourmand
Regen    3.2/turn               d - +6 ring of protection
MPRegen  0.4/turn               o - ring of the Mage {Wiz MR++ Int+3}

@: very slightly contaminated
A: no striking features
}: 3/15 runes: decaying, slimy, gossamer
a: Renounce Religion, Evoke Invisibility, Evoke Flight


You were on level 1 of the Depths.
You worshipped Vehumet.
Vehumet was exalted by your worship.
You were very full.

You visited 8 branches of the dungeon, and saw 42 of its levels.
You also visited: Ice Cave.

You collected 4585 gold pieces.
You spent 3200 gold pieces at shops.

Inventory:

Hand Weapons
 T - the +7 rapier "Impbane" {drain, rPois}
   (You found it on level 1 of the Spider Nest)

   A truly terrible weapon, it drains the life of those it strikes.
   It protects you from poison.
Missiles
 Z - 3 throwing nets (quivered)
Armour
 h - the +2 pair of gloves of the Worm (worn) {+Inv rElec rC+ rCorr}
   (You bought it in a shop on level 13 of the Dungeon)

   It protects you from cold.
   It insulates you from electricity.
   It lets you turn invisible.
   It protects you from acid and corrosion.
 l - the +2 pair of boots of the Assassin (worn) {Detection Stab+ Stlth++}
   (You found it on level 5 of the Pits of Slime)

   It makes you much more stealthy.
 v - the +8 large shield of Kleptomania (worn) {+Inv +Fly rPois Stlth-}
   (You found it on level 4 of the Vaults)

   It protects you from poison.
   It lets you turn invisible.
   It lets you fly.
   It makes you less stealthy.
 w - a +1 hat of see invisible (worn)
 A - the +2 robe of Vines (worn) {NoPotionHeal Regen+7}
   (You found it on level 8 of the Dungeon)

   It increases your rate of regeneration.
 C - a +0 buckler
 K - a +2 cloak of magic resistance (worn)
Magical Staves
 b - an uncursed staff of conjuration (weapon)
Jewellery
 d - a +6 ring of protection (left hand)
 f - an uncursed ring of protection from fire
 g - an uncursed ring of resist corrosion
 m - a +2 ring of intelligence
 o - the ring of the Mage (right hand) {Wiz MR++ Int+3}
   (You bought it in a shop on level 1 of the Orcish Mines)

   [ring of wizardry]

   It improves your spell success rate.
   It affects your intelligence (+3).
   It affects your resistance to hostile enchantments.
 S - an amulet of the gourmand (around neck)
Wands
 P - a wand of paralysis (15/24)
Scrolls
 p - a scroll of silence
 r - 6 scrolls of holy word
 u - 6 scrolls of amnesia
 x - 4 scrolls of summoning
 y - 6 scrolls of fear
 B - 24 scrolls of remove curse
 F - 11 scrolls of fog
 G - 14 scrolls of teleportation
 M - 4 scrolls of magic mapping
 N - 5 scrolls of recharging
 R - 12 scrolls of identify
 U - 6 scrolls of blinking
 W - a scroll of enchant weapon
Potions
 e - 9 potions of flight
 i - 9 potions of ambrosia
 j - 9 potions of might
 k - 6 potions of brilliance
 q - 3 potions of magic
 s - 3 potions of invisibility
 t - 4 potions of agility
 E - 2 potions of haste
 H - 7 potions of lignification
 I - a potion of berserk rage
 J - 4 potions of mutation {!q}
 L - 5 potions of cancellation
 Q - 11 potions of curing
 V - 5 potions of resistance
Books
 D - a book of the Tempests

   Spells                             Type                      Level
   a - Static Discharge               Conjuration/Air              3
   b - Lightning Bolt                 Conjuration/Air              5
   c - Ignition                       Fire                         8
   d - Tornado                        Air                          9
   e - Shatter                        Earth                        9
Miscellaneous
 c - a crystal ball of energy
 X - a phial of floods
 Y - a lamp of fire
Comestibles
 n - 22 bread rations
 z - 17 meat rations
 O - 22 fruits


   Skills:
 - Level 12.7 Fighting
 - Level 15.3 Dodging
 - Level 17.7 Stealth
 + Level 8.5 Shields
 - Level 20.3 Spellcasting
 - Level 20.3 Conjurations
 - Level 8.0 Charms
 - Level 0.2 Necromancy
 - Level 17.6 Fire Magic
 - Level 7.7 Earth Magic


You had 5 spell levels left.
You knew the following spells:

 Your Spells              Type           Power        Failure   Level  Hunger
a - Flame Tongue          Conj/Fire      #####        0%          1    None
b - Sticky Flame          Conj/Fire      ########     1%          4    None
c - Fireball              Conj/Fire      ########..   1%          5    None
d - Sublimation of Blood  Necr           #####.....   4%          2    None
e - Orb of Destruction    Conj           ########..   1%          7    ##.....
f - Iron Shot             Conj/Erth      ########..   1%          6    None
g - Bolt of Fire          Conj/Fire      ########..   1%          6    None
h - Ignition              Fire           ########..   4%          8    ####...
i - Fire Storm            Conj/Fire      ########..   24%         9    ######.
j - Conjure Flame         Conj/Fire      ########     0%          3    None
Z - Iskenderun's Battles  Conj/Chrm      ########     1%          5    None


Dungeon Overview and Level Annotations

Branches:
Dungeon (15/15)            Temple (0/1) D:6            Lair (6/6) D:8
  Swamp (4/4) Lair:2       Spider (4/4) Lair:2        Slime (5/5) Lair:5
    Orc (2/2) D:12            Elf (0/3) Orc:2        Vaults (4/5) D:14
  Crypt (0/3) Vaults:2     Depths (2/5) D:15

Altars:
Ashenzari
Cheibriados
Dithmenos
Hepliaklqana
Kikubaaqudgha
Nemelex Xobeh
Ru
Trog
Vehumet
Xom

Shops:
D:7 ?*?   D:12 *   D:13 [   D:14 }[   Orc:1 *==*(   Orc:2 (??(   Vaults:2 %
Vaults:3 [(*}

Portals:
Hell: Depths:1


Message History

Aim: a fire dragon (lightly wounded, catching its breath)
You feel a surge of power!
The iron shot hits the fire dragon.
The fire dragon is severely wounded.
Unknown command.
Casting: Iron Shot
Confirm with . or Enter, or press ? or * to list all spells.
You don't have enough magic to cast that spell.
The fire dragon breathes flames at you. The blast of flame hits you!
You hear a deafening roar!
You climb upwards.
There is a stone staircase leading down here.
Unknown command.
Unknown command.
Unknown command.
The fire dragon breathes flames at you. The blast of flame hits you!
The fire dragon breathes flames at you. The blast of flame hits you!
You die...

####...# ##........
#.#..#.# #........
#....### ######''# #...##
♣♣♣).♣ #....##### ♣♣....)
#....=...##### ♣♣......
#.........##.# ♣♣.......
#............# ♣♣........
###.....@...##♣♣....♣♣♣♣♣
#.........# ♣....♣♣
##.........##♣....♣
#.........D.'.....♣
#...........'.....♣
###..........#♣....♣
#...........##♣....♣♣
##...........#♣♣....♣♣♣♣♣
#...........# ♣♣........


You could see a fire dragon.

Vanquished Creatures
  the Royal Jelly (Slime:5)
  Arachne (Spider:2)
  Jorgrun (Vaults:4)
  An Ice Fiend (IceCv)
  A tentacled monstrosity (Swamp:4)
  The ghost of Gorglomux the Unseen, an adept KoEn of Nemelex Xobeh (Vaults:1)
  Rupert (Spider:1)
  30 acid blobs
  Gastronok (D:11)
  3 thorn hunters
  Roxanne (Swamp:1)
  A sphinx (Vaults:2)
  2 tengu reavers (Vaults:4)
  Donald (Swamp:3)
  Kirke (D:12)
  A fire giant (Vaults:3)
  14 azure jellies
  A frost giant (Vaults:3)
  Aizul (Swamp:1)
  10 vault wardens
  4 ghost moths
  11 emperor scorpions
  A ghoul (Vaults:2)
  11 ironheart preservers
  9 very ugly things
  7 stone giants
  6 entropy weavers
  3 vampire knights
  2 deep elf annihilators (Vaults:4)
  A deep elf demonologist (Vaults:3)
  2 spark wasps (Depths:1)
  A crystal guardian (Vaults:4)
  3 ettins
  7 death oozes (Slime:5)
  Josephine (Swamp:1)
  A merfolk javelineer (Depths:2)
  A deep elf death mage (Vaults:3)
  8 great orbs of eyes
  11 yaktaur captains
  3 fire dragons
  8 ice dragons
  7 vault guards
  12 hydras
  A merfolk avatar (Lair:6)
  Erica (Lair:1)
  6 alligators
  A ghost crab (Swamp:4)
  2 death knights
  8 centaur warriors
  8 ogre magi
  31 two-headed ogres
  A deep troll shaman (Depths:2)
  Urug (Lair:3)
  A vampire mage (D:15)
  A death yak (Lair:5)
  3 orc high priests (Orc:2)
  A deep elf knight (Vaults:3)
  7 skeletal warriors
  2 shadow wraiths (Vaults:3)
  3 unseen horrors
  An unseen horror (shapeshifter) (D:14)
  A spark wasp zombie (D:15)
  2 spriggan druids
  17 deep trolls
  A sea snake (Lair:6)
  4 shambling mangroves
  5 hell knights (Vaults:4)
  3 flayed ghosts
  A wizard (Vaults:3)
  4 phantasmal warriors
  5 swamp dragons
  A lindwurm (Lair:3)
  A harpy (shapeshifter) (Vaults:4)
  3 deep elf archers
  11 ironbrand convokers
  35 ugly things
  2 necromancers
  16 orb spiders
  Pikel (D:7)
  13 harpies
  17 orc knights
  20 wolf spiders
  6 orc sorcerers
  3 manticores
  3 deep elf magi (Vaults:4)
  A stone giant zombie (D:15)
  2 oklob plants (Lair:5)
  A moth of wrath (shapeshifter) (Depths:2)
  A fire giant skeleton (D:15)
  5 cyclopes
  15 elephants
  8 shining eyes
  5 black mambas
  A moth of wrath (Spider:2)
  An ice statue (IceCv)
  An elephant (shapeshifter) (D:14)
  A gargoyle (D:13)
  3 guardian serpents (shapeshifter) (Vaults:4)
  9 vault sentinels
  5 eyes of devastation
  19 spiny frogs
  2 torpor snails
  A rime drake (shapeshifter) (Vaults:2)
  A komodo dragon (shapeshifter) (Vaults:2)
  4 rime drakes
  An efreet (D:15)
  16 freezing wraiths
  14 demonic crawlers
  56 yaktaurs
  5 anaconda simulacra (IceCv)
  15 komodo dragons
  7 ice devils (IceCv)
  2 trolls (shapeshifter)
  A queen bee (shapeshifter) (D:13)
  34 jumping spiders
  2 hydra zombies (Swamp:4)
  8 trolls
  A jumping spider (shapeshifter) (D:14)
  A harpy zombie (D:15)
  A meliai (shapeshifter) (Vaults:3)
  23 hornets
  3 polar bears (Lair:6)
  4 tyrant leeches
  A wind drake (shapeshifter) (Vaults:2)
  2 hornets (shapeshifter)
  98 slime creatures
  Prince Ribbit (Lair:2)
  30 blink frogs
  11 bog bodies
  A fire dragon zombie (D:15)
  A dream sheep (shapeshifter) (Vaults:1)
  A raiju (shapeshifter) (Vaults:4)
  A human simulacrum (Vaults:3)
  11 hippogriffs
  A flying skull (Vaults:2)
  4 dire elephant simulacra (IceCv)
  25 tarantellas
  42 yaks
  Sigmund (D:4)
  A vampire (D:13)
  66 redbacks
  8 spriggans
  A wyvern (shapeshifter) (D:15)
  7 wyverns
  A human (D:12)
  2 water elementals (Depths:2)
  4 wraiths (Swamp:1)
  3 hogs (D:12)
  5 hungry ghosts
  8 golden eyes
  A hog (shapeshifter) (Vaults:2)
  A basilisk (D:12)
  4 swamp worm simulacra (Swamp:4)
  2 soldier ants (shapeshifter)
  Menkaure (D:6)
  10 insubstantial wisps (Swamp:1)
  25 swamp worms
  3 harpy simulacra (IceCv)
  4 wargs
  A soldier ant (D:11)
  23 hydra simulacra
  2 acid dragons
  12 water moccasins
  A porcupine (shapeshifter) (Vaults:2)
  3 porcupines
  Duvessa (D:7)
  A floating eye (Slime:5)
  32 orc warriors
  7 sky beasts
  6 ice beasts
  A black bear (shapeshifter) (Depths:2)
  35 ogres
  5 eyes of draining
  2 alligator simulacra (IceCv)
  3 swamp drakes
  A hornet zombie (Swamp:4)
  A black bear (D:9)
  A necrophage (D:11)
  4 slaves (D:7)
  5 boggarts (Vaults:1)
  16 centaurs
  12 wolves
  17 crocodiles
  4 big kobolds
  25 bullfrogs
  2 wyvern zombies
  2 water moccasin zombies (Swamp:4)
  A wyvern skeleton (D:14)
  A hornet simulacrum (D:14)
  Dowan (D:7)
  5 scorpions
  6 killer bees (D:8)
  4 howler monkeys
  13 wights
  An electric eel (Lair:3)
  4 draconian simulacra (IceCv)
  8 crimson imps
  2 bullfrog zombies
  4 centaur zombies
  2 quasits (D:7)
  22 orc priests
  4 hounds
  2 bullfrog skeletons
  5 jellies
  6 centaur skeletons
  25 orc wizards
  Crazy Yiuf (D:7)
  2 iguanas
  9 worker ants
  A polar bear simulacrum (IceCv)
  2 spriggan simulacra (IceCv)
  A troll simulacrum (IceCv)
  A centaur simulacrum (IceCv)
  A howler monkey zombie (D:6)
  4 gnolls
  A naga simulacrum (IceCv)
  5 ogre simulacra (IceCv)
  10 adders
  3 shadow imps
  5 white imps (IceCv)
  7 ufetubi (IceCv)
  An ooze (D:5)
  4 swamp drake simulacra (Swamp:4)
  2 worms
  2 adder skeletons (D:6)
  2 dart slugs (D:2)
  3 leopard geckos
  99 orcs
  3 ball pythons
  9 bats
  9 giant cockroaches
  11 goblins
  10 hobgoblins
  5 jackals
  10 quokkas
  4 frilled lizards
  A jackal zombie (D:6)
  20 kobolds
  2 leopard gecko skeletons
  12 rats
  A bush (Lair:2)
  2 plants
  5 withered plants (D:15)
1727 creatures vanquished.

Vanquished Creatures (collateral kills)
  An acid blob (Slime:5)
  A rakshasa (Vaults:2)
  A shining eye (Slime:5)
  An eye of draining (Slime:2)
  2 orcs
6 creatures vanquished.

Vanquished Creatures (others)
  A swamp worm (Swamp:4)
  An orc priest (Orc:2)
  2 orc wizards
  A dart slug (D:4)
  An orc (Orc:2)
  64 fire vortices
  8 fungi
  20 plants
  3 toadstools (Swamp:2)
  3 withered plants (D:15)
104 creatures vanquished.

Grand Total: 1837 creatures vanquished

Notes
Turn   | Place    | Note
-------+----------+-------------------------------------------
     0 | D:1      | Gorglomux the Deep Elf Fire Elementalist began the quest for the Orb.
     0 | D:1      | Reached XP level 1. HP: 10/10 MP: 6/6
    96 | D:1      | Reached XP level 2. HP: 15/15 MP: 5/8
   437 | D:1      | Reached XP level 3. HP: 15/19 MP: 6/10
   496 | D:1      | Learned a level 3 spell: Conjure Flame
   881 | D:2      | Found a shimmering altar of Xom.
   988 | D:2      | Reached XP level 4. HP: 2/24 MP: 3/12
  1061 | D:2      | Learned a level 4 spell: Sticky Flame
  1232 | D:2      | Found a sacrificial altar of Ru.
  1236 | D:2      | Reached skill level 3 in Conjurations
  1919 | D:3      | Found a shadowy altar of Dithmenos.
  2243 | D:3      | Found a shattered altar of Ashenzari.
  2630 | D:4      | Noticed Sigmund
  2638 | D:4      | Killed Sigmund
  2638 | D:4      | Reached XP level 5. HP: 8/28 MP: 2/14
  2638 | D:4      | Reached XP level 6. HP: 9/32 MP: 2/15
  2773 | D:3      | Learned a level 5 spell: Fireball
  3318 | D:4      | Found a radiant altar of Vehumet.
  3344 | D:4      | Became a worshipper of Vehumet
  4235 | D:5      | Entered Level 5 of the Dungeon
  4268 | D:5      | Reached skill level 6 in Spellcasting
  4268 | D:5      | Reached XP level 7. HP: 34/36 MP: 14/18
  4352 | D:5      | Found a bloodstained altar of Trog.
  4443 | D:5      | Reached skill level 6 in Fire Magic
  5153 | D:6      | Reached skill level 6 in Conjurations
  5153 | D:6      | Reached XP level 8. HP: 40/41 MP: 11/21
  5157 | D:6      | Reached * piety under Vehumet
  5157 | D:6      | Offered knowledge of Sting by Vehumet.
  5430 | D:6      | Noticed Menkaure
  5479 | D:6      | Killed Menkaure
  5652 | D:6      | Found a sparkling altar of Nemelex Xobeh.
  5683 | D:6      | Found a staircase to the Ecumenical Temple.
  5796 | D:7      | Noticed Duvessa
  5798 | D:7      | Noticed Dowan
  5807 | D:7      | Killed Dowan
  5808 | D:7      | Killed Duvessa
  5808 | D:7      | Reached skill level 9 in Spellcasting
  5921 | D:7      | Found Leprytiu's Magic Scroll Shoppe.
  5927 | D:7      | Bought a scroll of fog for 24 gold pieces
  5927 | D:7      | Bought a scroll of identify for 24 gold pieces
  5927 | D:7      | Bought a scroll of blinking for 90 gold pieces
  5927 | D:7      | Bought a scroll of remove curse for 36 gold pieces
  5927 | D:7      | Bought a scroll of blinking for 90 gold pieces
  5958 | D:7      | Reached XP level 9. HP: 45/45 MP: 14/24
  6105 | D:7      | Found Biar's Assorted Antiques.
  6109 | D:7      | Bought a metallic emerald potion for 16 gold pieces
  6142 | D:7      | Found a hazy altar of Hepliaklqana.
  6193 | D:7      | Noticed Pikel
  6490 | D:7      | Found Yqoro's Magic Scroll Boutique.
  6545 | D:7      | Reached ** piety under Vehumet
  6599 | D:7      | Offered knowledge of Throw Frost by Vehumet.
  6679 | D:7      | Reached skill level 9 in Fire Magic
  6863 | D:7      | Found a runed door.
  6888 | D:7      | Killed Pikel
  7378 | D:7      | Noticed Crazy Yiuf
  7380 | D:7      | Killed Crazy Yiuf
  7495 | D:8      | Reached skill level 9 in Conjurations
  7885 | D:8      | Reached XP level 10. HP: 24/50 MP: 9/27
  8177 | D:8      | Found a staircase to the Lair.
  8177 | D:8      | Noticed an elephant
  8209 | D:8      | Killed an elephant
  8355 | D:8      | Offered knowledge of Stone Arrow by Vehumet.
  8756 | D:8      | Reached skill level 12 in Spellcasting
  9054 | D:8      | Found an ancient bone altar of Kikubaaqudgha.
  9269 | D:9      | Reached *** piety under Vehumet
  9633 | D:9      | Found a snail-covered altar of Cheibriados.
  9860 | D:9      | Noticed a two-headed ogre
  9870 | D:9      | Killed a two-headed ogre
 10067 | D:10     | Entered Level 10 of the Dungeon
 10067 | D:10     | Noticed a two-headed ogre
 10071 | D:9      | Offered knowledge of Static Discharge by Vehumet.
 10101 | D:9      | Killed a two-headed ogre
 10358 | D:10     | Reached XP level 11. HP: 54/54 MP: 24/30
 10543 | D:10     | Reached skill level 1 in Fighting
 10543 | D:10     | Reached skill level 12 in Fire Magic
 10699 | D:10     | Learned a level 5 spell: Iskenderun's Battlesphere
 10707 | D:10     | Learned a level 7 spell: Orb of Destruction
 10720 | D:10     | Learned a level 6 spell: Iron Shot
 10811 | D:10     | Reached skill level 1 in Charms
 10930 | D:10     | Reached skill level 1 in Earth Magic
 11140 | D:11     | Noticed Gastronok
 11142 | D:11     | Reached **** piety under Vehumet
 11175 | D:11     | Killed Gastronok
 11175 | D:11     | Reached skill level 3 in Charms
 11212 | D:11     | Reached skill level 3 in Earth Magic
 11272 | D:11     | Offered knowledge of Ignite Poison by Vehumet.
 11920 | D:11     | Noticed an eight-headed hydra
 11924 | D:11     | Killed an eight-headed hydra
 12092 | D:11     | Noticed a two-headed ogre
 12093 | D:11     | Reached skill level 6 in Charms
 12095 | D:11     | Killed a two-headed ogre
 12115 | D:11     | Noticed an unseen horror
 12120 | D:11     | Killed an unseen horror
 12235 | D:10     | Reached XP level 12. HP: 61/61 MP: 17/32
 12390 | Lair:1   | Entered Level 1 of the Lair of Beasts
 12421 | Lair:1   | Reached skill level 15 in Spellcasting
 12421 | Lair:1   | Reached XP level 13. HP: 65/65 MP: 32/34
 12422 | Lair:1   | Reached skill level 6 in Dodging
 12422 | Lair:1   | Reached XP level 14. HP: 76/76 MP: 32/35
 12439 | Lair:1   | Noticed Erica
 12447 | Lair:1   | Killed Erica
 12651 | Lair:1   | Reached ***** piety under Vehumet
 12654 | Lair:1   | Offered knowledge of Bolt of Cold by Vehumet.
 12693 | Lair:1   | Learned a level 5 spell: Bolt of Magma
 13479 | Lair:2   | Reached skill level 12 in Conjurations
 13792 | Lair:2   | Noticed Prince Ribbit
 13798 | Lair:2   | Killed Prince Ribbit
 13862 | Lair:2   | Found a hole to the Spider Nest.
 14185 | Lair:2   | Found a staircase to the Swamp.
 14730 | Lair:3   | Noticed Urug
 14736 | Lair:3   | Killed Urug
 15830 | Lair:4   | Identified a scroll of acquirement
 17770 | Lair:5   | Found a staircase to the Slime Pits.
 17944 | Lair:6   | Entered Level 6 of the Lair of Beasts
 18008 | Lair:6   | Offered knowledge of Bolt of Fire by Vehumet.
 18016 | Lair:6   | Learned a level 6 spell: Bolt of Fire
 18532 | Lair:6   | Reached XP level 15. HP: 65/82 MP: 10/38
 19378 | Lair:6   | Reached skill level 6 in Fighting
 19505 | Lair:6   | Reached skill level 9 in Dodging
 20424 | D:12     | Reached skill level 18 in Spellcasting
 20496 | D:12     | Noticed Kirke
 20508 | D:12     | Killed Kirke
 20770 | D:12     | Found Goxicig's Changing Room.
 21013 | D:12     | Offered knowledge of Poison Arrow by Vehumet.
 21189 | D:12     | Found a staircase to the Orcish Mines.
 21679 | D:13     | Found Japlesm's Armour Emporium.
 21706 | D:13     | Bought the +2 pair of gloves of the Worm {+Inv rElec rC+ rCorr} for 721 gold pieces
 22463 | D:14     | Found a gate to the Vaults.
 22675 | D:14     | Found Zoxan's Quality Used Wands.
 22893 | D:14     | Found Ysurof's Antique Armour Shoppe.
 23331 | D:15     | Entered Level 15 of the Dungeon
 23677 | D:15     | Found a staircase to the Depths.
 24179 | D:15     | Reached XP level 16. HP: 83/92 MP: 5/40
 24462 | D:15     | Reached ****** piety under Vehumet
 24605 | D:15     | Offered knowledge of Lee's Rapid Deconstruction by Vehumet.
 24947 | D:15     | Got a steaming falchion
 24948 | D:15     | Identified the +8 falchion of Raxoh {drain, rPois} (You found it on level 15 of the Dungeon)
 25254 | Orc:1    | Entered Level 1 of the Orcish Mines
 25257 | Orc:1    | Found Qoweten's Assorted Antiques.
 25269 | Orc:1    | Bought a twisted glowing staff for 324 gold pieces
 25303 | Orc:2    | Entered Level 2 of the Orcish Mines
 25303 | Orc:2    | Found a staircase to the Elven Halls.
 25452 | Orc:2    | Reached skill level 15 in Fire Magic
 26060 | Orc:2    | Offered knowledge of Conjure Ball Lightning by Vehumet.
 26387 | Orc:2    | Found Fiwnoaro's Magic Scroll Shoppe.
 26387 | Orc:2    | Found Banish's Weapon Shop.
 26391 | Orc:2    | Found Saomixom's Antique Weapon Shoppe.
 26391 | Orc:2    | Found Ostuir's Magic Scroll Shop.
 26404 | Orc:2    | Bought a scroll of teleportation for 42 gold pieces
 26422 | Orc:2    | Bought 3 scrolls of blinking for 247 gold pieces
 26512 | Orc:1    | Found Temun's Weapon Shop.
 26615 | Orc:1    | Found Cidaeci's General Store.
 26625 | Orc:1    | Bought a scroll of teleportation for 42 gold pieces
 26685 | Orc:1    | Found Adoupp's Jewellery Boutique.
 26702 | Orc:1    | Found Magecu's Jewellery Boutique.
 27108 | Swamp:1  | Entered Level 1 of the Swamp
 27205 | Swamp:1  | Noticed Roxanne
 27213 | Swamp:1  | Killed Roxanne
 27331 | Swamp:1  | Identified Roxanne's Compendium of Transmutation (You took it off Roxanne on level 1 of the Swamp)
 27621 | Swamp:1  | Noticed Josephine
 27623 | Swamp:1  | Killed Josephine
 27756 | Swamp:1  | Reached skill level 12 in Dodging
 27896 | Swamp:1  | Identified the Catalogue of Floating Protection
 28541 | Swamp:1  | Noticed Aizul
 28546 | Swamp:1  | Killed Aizul
 29291 | Swamp:2  | Noticed a thorn hunter
 29317 | Swamp:2  | Offered knowledge of Ozocubu's Refrigeration by Vehumet.
 29446 | Swamp:2  | Learned a level 2 spell: Sublimation of Blood
 29446 | Swamp:2  | Identified Lakk's Collected Works on Supportive Transformation (You acquired it on level 2 of the Swamp)
 29636 | Swamp:2  | Reached skill level 9 in Fighting
 29683 | Swamp:2  | Killed a thorn hunter
 30379 | Swamp:3  | Noticed a thorn hunter
 30386 | Swamp:3  | Killed a thorn hunter
 30546 | Swamp:3  | Noticed Donald
 30548 | Swamp:3  | Killed Donald
 30709 | Swamp:3  | Reached XP level 17. HP: 100/100 MP: 17/42
 31358 | Swamp:4  | Entered Level 4 of the Swamp
 31641 | Swamp:4  | Offered knowledge of Poison Arrow by Vehumet.
 32310 | Swamp:4  | Learned a level 8 spell: Ignition
 32650 | Swamp:4  | Noticed a tentacled monstrosity
 32655 | Swamp:4  | Killed a tentacled monstrosity
 33179 | Swamp:4  | Got a decaying rune of Zot
 33582 | Orc:1    | Bought the ring of the Mage {Wiz MR++ Int+3} for 723 gold pieces
 33909 | Spider:1 | Entered Level 1 of the Spider Nest
 33984 | Spider:1 | Offered knowledge of Lehudib's Crystal Spear by Vehumet.
 33984 | Spider:1 | Offered knowledge of Fire Storm by Vehumet.
 33984 | Spider:1 | Offered knowledge of Glaciate by Vehumet.
 35205 | Spider:1 | Noticed Rupert
 35209 | Spider:1 | Killed Rupert
 35227 | Spider:1 | Got a pitted rapier
 35228 | Spider:1 | Identified the +7 rapier "Impbane" {drain, rPois} (You found it on level 1 of the Spider Nest)
 35840 | Spider:2 | Noticed Arachne
 35847 | Spider:2 | Killed Arachne
 37377 | Spider:3 | Reached XP level 18. HP: 108/108 MP: 28/44
 38495 | Spider:4 | Entered Level 4 of the Spider Nest
 38703 | Spider:4 | Found a frozen archway.
 38753 | IceCv    | Entered an ice cave
 39681 | IceCv    | Learned a level 9 spell: Fire Storm
 39703 | IceCv    | Noticed an Ice Fiend
 39705 | IceCv    | Killed an Ice Fiend
 39716 | IceCv    | Identified the +9 quarterstaff of the Lair of Beasts {flame, rPois Dex+3} (You found it in an ice cave)
 39994 | Spider:4 | Reached skill level 15 in Dodging
 40566 | Spider:4 | Got a gossamer rune of Zot
 40887 | D:7      | Bought a buckler for 81 gold pieces
 40887 | D:7      | Bought a scroll of enchant armour for 135 gold pieces
 40887 | D:7      | Bought a scroll of fog for 36 gold pieces
 41056 | Vaults:1 | Entered Level 1 of the Vaults
 41060 | Vaults:1 | Reached skill level 1 in Shields
 41061 | Vaults:1 | Noticed Gorglomux's ghost (adept KoEn)
 41314 | Vaults:1 | Reached skill level 3 in Shields
 41781 | Vaults:1 | Killed Gorglomux's ghost
 41966 | Vaults:1 | Reached XP level 19. HP: 69/115 MP: 3/45
 42116 | Vaults:1 | Reached skill level 6 in Shields
 42760 | Vaults:2 | Reached skill level 15 in Conjurations
 42950 | Vaults:2 | Found a staircase to the Crypt.
 43460 | Vaults:2 | Found Byoczougri's Food Shoppe.
 44126 | Vaults:2 | Reached skill level 18 in Conjurations
 44948 | Vaults:3 | Found Qaured's General Store.
 45002 | Vaults:3 | Bought a scroll of blinking for 127 gold pieces
 45002 | Vaults:3 | Bought a scroll of noise for 17 gold pieces
 45002 | Vaults:3 | Bought an uncursed ring of protection from fire for 425 gold pieces
 45189 | Vaults:3 | Reached XP level 20. HP: 108/120 MP: 18/46
 45549 | Vaults:3 | Found Neom's Weapon Shoppe.
 45635 | Vaults:3 | Found Heoss's Gadget Shoppe.
 45704 | Vaults:3 | Found Neggaac's Antique Armour Shoppe.
 46913 | Vaults:4 | Got a distressingly furry large shield
 46917 | Vaults:4 | Identified the +8 large shield of Kleptomania {+Inv +Fly rPois Stlth-} (You found it on level 4 of the Vaults)
 47154 | Vaults:4 | Reached skill level 12 in Fighting
 47698 | Vaults:4 | Reached skill level 3 in Stealth
 47992 | Vaults:4 | Noticed Jorgrun
 47997 | Vaults:4 | Killed Jorgrun
 47997 | Vaults:4 | Reached skill level 6 in Stealth
 48861 | Vaults:4 | Reached skill level 9 in Stealth
 49394 | Slime:1  | Entered Level 1 of the Pits of Slime
 49446 | Slime:1  | You fall through a shaft!
 49449 | Slime:2  | Reached XP level 21. HP: 128/128 MP: 35/47
 50050 | Slime:1  | Reached skill level 12 in Stealth
 50836 | Slime:5  | Entered Level 5 of the Pits of Slime
 50872 | Slime:5  | Reached skill level 15 in Stealth
 51113 | Slime:5  | Noticed the Royal Jelly
 51134 | Slime:5  | Killed the Royal Jelly
 51765 | Slime:5  | Got a coiled amethyst amulet
 51766 | Slime:5  | Identified the amulet "Xamy" {Spirit *Drain rF+ SInv Stlth+} (You found it on level 5 of the Pits of Slime)
 51769 | Slime:5  | Got a slimy rune of Zot
 52500 | Depths:1 | Entered Level 1 of the Depths
 52554 | Depths:1 | Reached XP level 22. HP: 133/133 MP: 27/48
 52948 | Depths:1 | Found a gateway to Hell.
 53969 | Depths:1 | Killed from afar by a fire dragon

Skill      XL: |  1  2  3  4  5  6  7  8  9 10 11 12 13 14 15 16 17 18 19 20 21 22 |
---------------+-------------------------------------------------------------------+-----
Conjurations   | 2 4 6 7 9 10 11 13 14 18 20 | 20.3
Fire Magic     | 4 5 6 8 9 11 12 13 14 15 16 17 | 17.6
Spellcasting   | 4 5 6 7 9 11 13 14 15 17 18 19 20 | 20.3
Fighting       | 1 4 5 7 9 10 11 12 | 12.7
Charms         | 6 8 |  8.0
Earth Magic    | 4 7 |  7.7
Dodging        | 6 7 11 12 14 15 | 15.3
Shields        | 5 6 8 |  8.5
Stealth        | 9 17 | 17.7
Necromancy     | |  0.2

Action                   |  1- 3 |  4- 6 |  7- 9 | 10-12 | 13-15 | 16-18 | 19-21 | 22-24 || total
-------------------------+-------+-------+-------+-------+-------+-------+-------+-------++-------
Melee: Dagger            |     5 |     4 |    50 |    64 |   117 |    51 |       |       ||   291
       Staff             |       |       |       |       |    54 |     5 |    21 |       ||    80
       Falchion          |       |       |       |       |       |    36 |       |       ||    36
       Rapier            |       |       |       |       |       |    73 |    93 |       ||   166
Throw: Throwing net      |       |       |       |       |       |     1 |       |       ||     1
 Cast: Flame Tongue      |    51 |   111 |   189 |   184 |   129 |   187 |       |       ||   851
       Conjure Flame     |     2 |     2 |     2 |     4 |       |     1 |       |       ||    11
       Sticky Flame      |       |     1 |    16 |    20 |    27 |     3 |       |       ||    67
       Fireball          |       |     1 |    18 |    45 |    92 |    93 |       |       ||   249
       Iskenderun's Batt |       |       |       |    12 |    34 |    15 |     2 |       ||    63
       Iron Shot         |       |       |       |     6 |    36 |    80 |    47 |     3 ||   172
       Orb of Destructio |       |       |       |     1 |    22 |    44 |    16 |     4 ||    87
       Bolt of Magma     |       |       |       |       |    56 |       |       |       ||    56
       Bolt of Fire      |       |       |       |       |   155 |   315 |   195 |    26 ||   691
       Ignition          |       |       |       |       |       |   129 |   152 |    18 ||   299
       Sublimation of Bl |       |       |       |       |       |    75 |    87 |     6 ||   168
       Fire Storm        |       |       |       |       |       |     1 |    53 |     1 ||    55
Evoke: Wand              |       |       |     9 |     2 |       |       |       |       ||    11
       Phial of floods   |       |       |       |       |       |     3 |       |       ||     3
  Use: Scroll            |       |       |    15 |     7 |    17 |     8 |    11 |     1 ||    59
       Potion            |       |       |       |     1 |     1 |     1 |     1 |       ||     4
 Stab: Paralysed         |       |       |     9 |     2 |       |       |       |       ||    11
       Sleeping          |       |       |       |     1 |     2 |       |     2 |       ||     5
  Eat: Chunk             |       |    11 |    15 |    17 |    52 |    91 |    56 |    14 ||   256
       Fruit             |       |       |       |     1 |     2 |       |     3 |       ||     6
       Royal jelly       |       |       |       |     1 |     1 |     3 |     2 |       ||     7
       Meat ration       |       |       |       |       |       |     1 |     2 |       ||     3
Armor: Robe              |     4 |    12 |    42 |    50 |    87 |   165 |    35 |     4 ||   399
Dodge: Dodged            |    11 |    45 |   110 |   108 |   342 |   578 |   249 |    12 ||  1455
Block: Other             |       |       |    10 |    15 |    26 |    11 |       |       ||    62
       Reflection        |       |       |     1 |       |     1 |     2 |       |       ||     4
       Buckler           |       |       |       |       |       |    10 |    62 |     1 ||    73
       Large shield      |       |       |       |       |       |       |       |    13 ||    13
       Rpst.: Falchion   |       |       |       |       |       |    29 |       |       ||    29
